 Dungeon Crawl Stone Soup version 0.28-a0-1382-g92835e5c71 (webtiles) character file.

Game seed: 15318946498400507369

2594 sanka the Grappler (level 9, -2/74 HPs)
             Began as a Gnoll Cinder Acolyte on Jan 1, 2022.
             Was a High Priest of Ignis.
             Slain by an orc warrior (15 damage)
             ... on level 8 of the Dungeon.
             The game lasted 00:09:55 (9192 turns).

sanka the Grappler (Gnoll Cinder Acolyte)           Turns: 9192, Time: 00:09:55

Health: -2/74      AC:  9    Str: 20    XL:     9   Next: 58%
Magic:  23/34      EV: 12    Int: 17    God:    Ignis [*****.]
Gold:   428        SH:  0    Dex: 15    Spells: 16/18 levels left

rFire   + + .      SeeInvis .   z - +4 dire flail
rCold   + . .      Faith    .   (shield currently unavailable)
rNeg    . . .      Spirit   .   x - +1 ring mail {Will+}
rPois   +          Reflect  .   e - +0 helmet of the Albatross {rF+ MP+9 Stlth+}
rElec   .          Harm     .   l - +0 cloak "Siawniokk" {rC+}
rCorr   .          Rampage  .   (no gloves)
Will    +....                   (no boots)
Stlth   +++.......              y - amulet of the acrobat
HPRegen 0.22/turn               v - +6 ring of strength
MPRegen 0.24/turn               a - ring of Woeh {rPois MP+9 Dex+7}

@: no status effects
A: fangs 1, strong nose, distributed training
a: Renounce Religion, Fiery Armour, Foxfire Swarm, Rising Flame


You were on level 8 of the Dungeon.
You worshipped Ignis.
Ignis was extremely pleased with you.
You visited 1 branch of the dungeon, and saw 8 of its levels.

You collected 428 gold pieces.


Innate Abilities, Weirdness & Mutations

You have very sharp teeth.
Your uncanny sense of smell can sniff out nearby items.
Your experience applies equally to all skills.


   Skills:
 + Level 8.0 Fighting
 + Level 4.4 Short Blades
 + Level 4.4 Long Blades
 + Level 4.4 Axes
 + Level 4.4 Maces & Flails
 + Level 4.4 Polearms
 + Level 4.4 Staves
 + Level 4.4 Slings
 + Level 4.4 Bows
 + Level 4.4 Crossbows
 + Level 4.4 Throwing
 + Level 4.4 Armour
 + Level 4.4 Dodging
 + Level 4.4 Stealth
 + Level 4.4 Shields
 + Level 8.0 Unarmed Combat
 + Level 5.3 Spellcasting
 + Level 3.6 Conjurations
 + Level 3.6 Hexes
 + Level 3.6 Summonings
 + Level 3.6 Necromancy
 + Level 3.6 Translocations
 + Level 3.6 Transmutations
 + Level 6.6 Fire Magic
 + Level 3.6 Ice Magic
 + Level 3.6 Air Magic
 + Level 3.6 Earth Magic
 + Level 3.6 Poison Magic
 + Level 4.8 Invocations
 + Level 4.4 Evocations


You had 16 spell levels left.
You knew the following spells:

 Your Spells              Type           Power      Damage    Failure   Level
y - Scorch                Fire           54%        2d8       2%          2

Your spell library contained the following spells:

 Spells                   Type           Power      Damage    Failure   Level
 Magic Dart               Conj           64%        1d6       4%          1
 Call Imp                 Summ           16%        N/A       8%          2
 Static Discharge         Conj/Air       16%        N/A       8%          2
 Mephitic Cloud           Conj/Pois/Air  16%        N/A       16%         3
 Sticky Flame             Conj/Fire      21%        2d4       26%         4
 Dispel Undead            Necr           16%        3d10      45%         4
 Petrify                  Tmut/Erth      16%        N/A       45%         4
 Metabolic Englaciation   Hex/Ice        8%         N/A       80%         5
 Statue Form              Tmut/Erth      10%        N/A       100%        6

Inventory:

Hand Weapons
 r - a +2 hand axe of flaming
 z - a +4 dire flail (weapon)
Missiles
 u - a throwing net {=f}
Armour
 e - the +0 helmet of the Albatross (worn) {rF+ MP+9 Stlth+} rF: It protects you from fire. MP: It affects your magic capacity (+9). Stlth: It makes you more stealthy.
 l - the +0 cloak "Siawniokk" (worn) {rC+} rC: It protects you from cold.
 x - a +1 ring mail of willpower (worn)
Jewellery
 a - the ring of Woeh (right hand) {rPois MP+9 Dex+7}

   [ring of magical power]

   Dex:       It affects your dexterity (+7).
   rPois:     It protects you from poison.
   MP:        It affects your magic capacity (+9).
 v - a +6 ring of strength (left hand)
 y - an amulet of the acrobat (around neck)
Wands
 m - a wand of acid (12)
Scrolls
 c - 10 scrolls of identify {unknown}
 d - 2 scrolls of blinking {unknown}
 i - 2 scrolls of vulnerability {unknown}
 j - a scroll of enchant weapon {unknown}
 k - 2 scrolls of amnesia {unknown}
 n - a scroll of summoning {unknown}
 o - a scroll of fog {unknown}
 p - a scroll of torment {unknown}
 s - a scroll of enchant armour {unknown}
 A - a scroll of noise {unknown}
Potions
 b - 2 potions of attraction {unknown}
 f - 2 potions of might {unknown}
 g - a potion of curing {unknown}
 h - 6 potions of lignification {unknown}
 q - a potion of ambrosia {unknown}
 t - a potion of mutation {unknown}
 w - 2 potions of degeneration {unknown}
 B - a potion of berserk rage {unknown}

Dungeon Overview and Level Annotations

Branches:
Dungeon (8/15)             Temple (0/1) D:7
   Lair: D:8-11

Altars:
Ashenzari
Cheibriados
Fedhas
Gozag
Hepliaklqana
Nemelex Xobeh
Uskayaw
Xom
The Shining One

Shops:
D:4 :   D:5 (

Annotations:
D:8 Harold

............
...........
...........
...£.▒....
▒▒.........
▒▒..........
▒▒▒▒▒▒...........
▒......@..>...... .
▒▒▒▒.g.o....(..
....▒▒▒▒...........
▒...)(...........
▒▒▒▒▒▒<..........
▒▒..........
▒...?...▒...
....▒▒▒▒▒.▒▒▒▒
▒.... .▒ ▒▒.▒▒ ▒


You could see Harold and an orc warrior.


Message History

Flames lash Harold.
Harold is lightly wounded.
Harold's fire resistance burns away.
Harold hits you but does no damage.
Flames lash Harold.
Harold is burned terribly!
Harold is moderately wounded.
Harold hits you with a +0 long sword!!
Flames lash the orc warrior.
The orc warrior is lightly wounded.
The orc warrior's fire resistance burns away.
Harold is no longer more vulnerable to fire.
Harold closely misses you.
Flames lash the orc warrior.
The orc warrior is moderately wounded.
The orc warrior hits you from afar with a +0 halberd!!
* * * LOW HITPOINT WARNING * * *
Harold hits you with a +0 long sword!
* * * LOW HITPOINT WARNING * * *
Flames lash the orc warrior.
The orc warrior is burned terribly!
The orc warrior is moderately wounded.
The orc warrior barely misses you. Harold closely misses you.
An orc comes into view. It is wielding a +0 mace.
Flames lash the orc.
You kill the orc!
The orc warrior is no longer more vulnerable to fire.
The orc warrior hits you from afar with a +0 halberd!
You die...

Action                   |  1- 3 |  4- 6 |  7- 9 || total
-------------------------+-------+-------+-------++-------
Melee: Unarmed           |   122 |   103 |    65 ||   290
       Punch             |     1 |     2 |     1 ||     4
       Bite              |     8 |     5 |     9 ||    22
       Dire flail        |       |       |     3 ||     3
 Cast: Scorch            |     4 |    31 |   125 ||   160
 Stab: Sleeping          |     1 |     5 |     3 ||     9
Armor: Robe              |    41 |    24 |     5 ||    70
       Ring mail         |       |       |    37 ||    37
Dodge: Dodged            |    75 |    50 |    88 ||   213

Levels and vault maps discovered:
D:1:      dpeg_arrival_rhombus, layout_basic, nicolae_ecumenical_snake_handling
D:2:      layout_rooms, basic_altar, minmay_lizard_king, uniq_robin
D:3:      layout_basic, mainiacjoe_overflow_concentric_impassable,
          chequers_serial_rivers_room_b, kennysheep_generic_room_5
D:4:      layout_loops_ring, serial_shops, shop, uniq_menkaure, uniq_natasha
D:5:      layout_basic, mainiacjoe_overflow_six_doors_small,
          cheibriados_altar_1, lemuel_round_altar, nicolae_inconvenience_store
D:6:      layout_basic, mainiacjoe_overflow_small_starburst,
          nicolae_ashenzari_skybound, old_standard_altar, grunt_decor_resistance
D:7:      layout_rooms, regret_index_temple_of_mockery,
          minmay_temple_entry_enclosed_plants
D:8:      layout_rooms, nicolae_overflow_crystal_walls, uniq_harold

Notes
Turn   | Place    | Note
-------+----------+-------------------------------------------
     0 | D:1      | sanka the Gnoll Cinder Acolyte began the quest for the Orb.
     0 | D:1      | Reached XP level 1. HP: 23/23 MP: 4/4
   256 | D:1      | Reached XP level 2. HP: 26/29 MP: 5/5
   419 | D:1      | Found a faded altar of an unknown god.
  1212 | D:2      | Learned a level 2 spell: Scorch
  1219 | D:2      | Identified the +0 helmet of the Albatross {rF+ MP+9 Stlth+}
  1219 | D:2      | Noticed Robin
  1222 | D:2      | Reached XP level 3. HP: 30/35 MP: 7/7
  1681 | D:2      | Killed Robin
  1682 | D:2      | Reached skill level 1 in Invocations
  1844 | D:2      | Reached skill level 1 in Short Blades
  1844 | D:2      | Reached skill level 1 in Long Blades
  1844 | D:2      | Reached skill level 1 in Axes
  1844 | D:2      | Reached skill level 1 in Maces & Flails
  1844 | D:2      | Reached skill level 1 in Polearms
  1844 | D:2      | Reached skill level 1 in Staves
  1844 | D:2      | Reached skill level 1 in Slings
  1844 | D:2      | Reached skill level 1 in Bows
  1844 | D:2      | Reached skill level 1 in Crossbows
  1844 | D:2      | Reached skill level 1 in Throwing
  1844 | D:2      | Reached skill level 1 in Armour
  1844 | D:2      | Reached skill level 1 in Dodging
  1844 | D:2      | Reached skill level 1 in Stealth
  1844 | D:2      | Reached skill level 1 in Shields
  1844 | D:2      | Reached skill level 1 in Evocations
  1971 | D:2      | Reached XP level 4. HP: 16/41 MP: 8/8
  2437 | D:2      | Reached skill level 3 in Spellcasting
  2582 | D:2      | Found a hazy altar of Hepliaklqana.
  2827 | D:3      | Found a sparkling altar of Nemelex Xobeh.
  2836 | D:3      | Reached skill level 1 in Conjurations
  2836 | D:3      | Reached skill level 1 in Hexes
  2836 | D:3      | Reached skill level 1 in Summonings
  2836 | D:3      | Reached skill level 1 in Necromancy
  2836 | D:3      | Reached skill level 1 in Translocations
  2836 | D:3      | Reached skill level 1 in Transmutations
  2836 | D:3      | Reached skill level 1 in Ice Magic
  2836 | D:3      | Reached skill level 1 in Air Magic
  2836 | D:3      | Reached skill level 1 in Earth Magic
  2836 | D:3      | Reached skill level 1 in Poison Magic
  3361 | D:3      | Identified the +0 cloak "Siawniokk" {rC+}
  3686 | D:4      | Reached XP level 5. HP: 47/47 MP: 9/9
  3966 | D:4      | Noticed Natasha
  3970 | D:4      | Killed Natasha
  4087 | D:4      | Reached skill level 2 in Invocations
  4087 | D:4      | Reached XP level 6. HP: 53/53 MP: 11/11
  4123 | D:4      | Found Doymoyc's Book Boutique.
  4303 | D:4      | Noticed Menkaure
  4308 | D:4      | Killed Menkaure
  4309 | D:4      | Reached skill level 2 in Short Blades
  4309 | D:4      | Reached skill level 2 in Long Blades
  4309 | D:4      | Reached skill level 2 in Axes
  4309 | D:4      | Reached skill level 2 in Maces & Flails
  4309 | D:4      | Reached skill level 2 in Polearms
  4309 | D:4      | Reached skill level 2 in Staves
  4309 | D:4      | Reached skill level 2 in Slings
  4309 | D:4      | Reached skill level 2 in Bows
  4309 | D:4      | Reached skill level 2 in Crossbows
  4309 | D:4      | Reached skill level 2 in Throwing
  4309 | D:4      | Reached skill level 2 in Armour
  4309 | D:4      | Reached skill level 2 in Dodging
  4309 | D:4      | Reached skill level 2 in Stealth
  4309 | D:4      | Reached skill level 2 in Shields
  4309 | D:4      | Reached skill level 2 in Evocations
  4375 | D:4      | Noticed Natasha
  4381 | D:4      | Killed Natasha
  4609 | D:4      | Noticed Natasha
  4612 | D:4      | Killed Natasha
  4613 | D:4      | Reached XP level 7. HP: 59/59 MP: 12/12
  4699 | D:5      | Entered Level 5 of the Dungeon
  4795 | D:5      | Found Iwunost's Antique Weapon Shop.
  4840 | D:5      | Reached skill level 7 in Fighting
  4840 | D:5      | Reached skill level 7 in Unarmed Combat
  4963 | D:5      | Found a hide-covered altar of Uskayaw.
  5117 | D:5      | Found a glowing golden altar of the Shining One.
  5187 | D:5      | Reached skill level 2 in Conjurations
  5187 | D:5      | Reached skill level 2 in Hexes
  5187 | D:5      | Reached skill level 2 in Summonings
  5187 | D:5      | Reached skill level 2 in Necromancy
  5187 | D:5      | Reached skill level 2 in Translocations
  5187 | D:5      | Reached skill level 2 in Transmutations
  5187 | D:5      | Reached skill level 2 in Ice Magic
  5187 | D:5      | Reached skill level 2 in Air Magic
  5187 | D:5      | Reached skill level 2 in Earth Magic
  5187 | D:5      | Reached skill level 2 in Poison Magic
  5799 | D:5      | Reached skill level 3 in Invocations
  5802 | D:5      | Reached skill level 4 in Spellcasting
  5896 | D:5      | Found a snail-covered altar of Cheibriados.
  6320 | D:6      | Found an opulent altar of Gozag.
  6399 | D:6      | Reached skill level 6 in Fire Magic
  6399 | D:6      | Reached XP level 8. HP: 60/67 MP: 14/14
  6465 | D:6      | Reached skill level 3 in Short Blades
  6465 | D:6      | Reached skill level 3 in Long Blades
  6465 | D:6      | Reached skill level 3 in Axes
  6465 | D:6      | Reached skill level 3 in Maces & Flails
  6465 | D:6      | Reached skill level 3 in Polearms
  6465 | D:6      | Reached skill level 3 in Staves
  6465 | D:6      | Reached skill level 3 in Slings
  6465 | D:6      | Reached skill level 3 in Bows
  6465 | D:6      | Reached skill level 3 in Crossbows
  6465 | D:6      | Reached skill level 3 in Throwing
  6465 | D:6      | Reached skill level 3 in Armour
  6465 | D:6      | Reached skill level 3 in Dodging
  6465 | D:6      | Reached skill level 3 in Stealth
  6465 | D:6      | Reached skill level 3 in Shields
  6465 | D:6      | Reached skill level 3 in Evocations
  6934 | D:6      | Found a blossoming altar of Fedhas.
  7244 | D:6      | Found a broken altar of Ashenzari.
  7661 | D:7      | Reached skill level 4 in Invocations
  7699 | D:6      | Reached skill level 3 in Conjurations
  7699 | D:6      | Reached skill level 3 in Hexes
  7699 | D:6      | Reached skill level 3 in Summonings
  7699 | D:6      | Reached skill level 3 in Necromancy
  7699 | D:6      | Reached skill level 3 in Translocations
  7699 | D:6      | Reached skill level 3 in Transmutations
  7699 | D:6      | Reached skill level 3 in Ice Magic
  7699 | D:6      | Reached skill level 3 in Air Magic
  7699 | D:6      | Reached skill level 3 in Earth Magic
  7699 | D:6      | Reached skill level 3 in Poison Magic
  7850 | D:7      | Noticed a troll
  7851 | D:7      | Identified the ring of Woeh {rPois MP+9 Dex+7}
  7857 | D:7      | Killed a troll
  7858 | D:7      | Reached XP level 9. HP: 52/73 MP: 13/16
  8042 | D:7      | Found a hazy altar of Hepliaklqana.
  8043 | D:7      | Found a shimmering altar of Xom.
  8044 | D:7      | Noticed a spectral ugly thing
  8268 | D:7      | Reached skill level 4 in Short Blades
  8268 | D:7      | Reached skill level 4 in Long Blades
  8268 | D:7      | Reached skill level 4 in Axes
  8268 | D:7      | Reached skill level 4 in Maces & Flails
  8268 | D:7      | Reached skill level 4 in Polearms
  8268 | D:7      | Reached skill level 4 in Staves
  8268 | D:7      | Reached skill level 4 in Slings
  8268 | D:7      | Reached skill level 4 in Bows
  8268 | D:7      | Reached skill level 4 in Crossbows
  8268 | D:7      | Reached skill level 4 in Throwing
  8268 | D:7      | Reached skill level 4 in Armour
  8268 | D:7      | Reached skill level 4 in Dodging
  8268 | D:7      | Reached skill level 4 in Stealth
  8268 | D:7      | Reached skill level 4 in Shields
  8268 | D:7      | Reached skill level 4 in Evocations
  8326 | D:7      | Reached skill level 5 in Spellcasting
  8765 | D:7      | Found a staircase to the Ecumenical Temple.
  8884 | D:8      | Noticed Harold
  9148 | D:7      | Reached skill level 8 in Fighting
  9148 | D:7      | Reached skill level 8 in Unarmed Combat
  9192 | D:8      | Slain by an orc warrior

Vanquished Creatures
  A troll (D:7)
  Menkaure (D:4)
  3 water moccasins
  A necrophage (D:6)
  2 ice beasts
  An orc warrior (D:7)
  2 ogres (D:6)
  2 centaurs
  A phantom (D:5)
  A wyvern zombie (D:7)
  A scorpion (D:4)
  A water moccasin zombie (D:6)
  A water moccasin skeleton (D:6)
  5 wights (D:7)
  2 howler monkeys (D:7)
  5 orc priests
  A hound (D:5)
  2 jellies (D:7)
  2 bullfrog skeletons
  3 iguanas
  An orc wizard (D:6)
  Natasha (thrice) (D:4)
  Robin (D:2)
  A howler monkey skeleton (D:4)
  6 gnolls (D:5)
  2 adders (D:2)
  A shadow imp (D:5)
  A white imp (D:7)
  An adder skeleton (D:4)
  4 worms
  27 orcs
  3 ball pythons (D:1)
  4 endoplasms
  5 giant cockroaches
  9 goblins
  7 hobgoblins
  A quokka (D:1)
  7 bats
  10 frilled lizards (D:2)
  7 kobolds
139 creatures vanquished.

Vanquished Creatures (others)
  8 plants (D:2)
8 creatures vanquished.

Grand Total: 147 creatures vanquished
